 Dungeon Crawl Stone Soup version 0.16-a0-4083-g5af668b (webtiles) character file.

91 timbw the Chopper (level 4, -5/38 HPs)
             Began as a Centaur Fighter on Feb 22, 2015.
             Killed by divine providence
             ... invoked by an orc priest
              (15 damage)
             ... on level 3 of the Dungeon.
             The game lasted 00:02:35 (491 turns).

timbw the Chopper (Centaur Fighter)                  Turns: 491, Time: 00:02:37

Health: -5/38      AC:  7    Str: 20    XL:     4   Next: 34%
Magic:  3/3        EV:  5    Int:  7    God:
Gold:   52         SH:  8    Dex:  8    Spells: 0 memorised, 3 levels left

rFire  + . .     SeeInvis .     e - +1 hand axe (vamp)
rCold  . . .     Clarity  .     d - +1 scale mail {rF+}
rNeg   . . .     SustAb   .     c - +0 shield
rPois  .         Gourm    .     (no helmet)
rElec  .         Spirit   .     (no cloak)
rCorr  .         Warding  .     (no gloves)
rMut   .         Stasis   .     (no barding)
MR     .....                    (no amulet)
Stlth  ..........               (no ring)
                                (no ring)

@: very quick, not resistant to hostile enchantments, extremely unstealthy
A: hooves 3, deformed body, speed 2, tough skin 3
a: no special abilities


You were on level 3 of the Dungeon.
You were not hungry.

You visited 1 branch of the dungeon, and saw 3 of its levels.

You collected 52 gold pieces.

Inventory:

Hand weapons
 a - a +0 war axe
 e - a +1 vampiric hand axe (weapon)
Missiles
 g - 19 poisoned needles
 h - 12 stones (quivered)
Armour
 b - a +0 scale mail
 c - a +0 shield (worn)
 d - a +1 scale mail of fire resistance (worn)
Scrolls
 i - a scroll of identify {unknown}
 j - 2 scrolls of remove curse {unknown}
 m - a scroll of amnesia {unknown}
 o - a scroll of random uselessness {unknown}
Potions
 f - a potion of curing {unknown}
 p - a potion of brilliance {unknown}
Comestibles
 k - a beef jerky
 l - 6 chunks of flesh
 n - a royal jelly


   Skills:
 - Level 3.0 Fighting
 + Level 4.2 Axes
 - Level 2.1 Armour
 - Level 2.1 Shields


You had 3 spell levels left.
You didn't know any spells.

Dungeon Overview and Level Annotations

Branches:
Dungeon (3/15)

Altars:
Fedhas
Kikubaaqudgha
Qazlal
Trog


Innate Abilities, Weirdness & Mutations

You have hooves in place of feet.
Armour fits poorly on your strangely shaped body.
You cover ground very quickly.
You have extremely tough skin (AC +3).


Message History

Your shield prevents you from hitting something.
The orc barely misses you. The orc priest hits you with a war axe.
You block its attack.
You hit the orc priest. You kick the orc priest.
The orc priest is severely wounded.
You hit the orc.
The orc is almost dead.
You barely miss something. The orc hits you with a trident!
* * * LOW HITPOINT WARNING * * *
You block the orc priest's attack. Something hits you.
* * * LOW HITPOINT WARNING * * *
You block the orc's attack.
You barely miss the orc priest. You kick the orc priest.
The orc priest is almost dead.
You hit the orc.
You kill the orc!
You hit something.
You feel better.
The orc priest mumbles some strange prayers to Beogh against you.
Something smites you!
You die...

#### #..# ##..##
###....###
#........#
#........ #..o.###
#)@...# #..##.#
#######..
##)##.#####........
##........#..##
#.............##
##.......##8..8## .
##.##..##......#
####..#.†.###..###
#........##..†)..#


You could see an orc priest.

Vanquished Creatures
  A hound (D:3)
  Natasha (D:3)
  Terence (D:3)
  An adder (D:2)
  5 orcs (D:3)
  A goblin (D:3)
  3 hobgoblins
  A kobold (D:3)
  3 rats
17 creatures vanquished.

Notes
Turn   | Place    | Note
--------------------------------------------------------------
     0 | D:1      | timbw, the Centaur Fighter, began the quest for the Orb.
     0 | D:1      | Reached XP level 1. HP: 19/19 MP: 1/1
    97 | D:2      | Reached XP level 2. HP: 19/26 MP: 2/2
   262 | D:3      | Noticed Terence
   271 | D:3      | Noticed Natasha
   277 | D:3      | Killed Natasha
   277 | D:3      | Reached XP level 3. HP: 21/31 MP: 3/3
   281 | D:3      | Killed Terence
   459 | D:3      | Found a blossoming altar of Fedhas.
   460 | D:3      | Reached skill level 4 in Axes
   460 | D:3      | Reached XP level 4. HP: 38/38 MP: 3/3
   463 | D:3      | Found a stormy altar of Qazlal.
   464 | D:3      | Found a bloodstained altar of Trog.
   465 | D:3      | Found an ancient bone altar of Kikubaaqudgha.
   491 | D:3      | Killed from afar by an orc priest

Action                   |  1- 3 |  4- 6 || total
-------------------------+-------+-------++-------
Melee: War axe           |    23 |       ||    23
       Hand axe          |    27 |     4 ||    31
  Use: Potion            |     1 |       ||     1
  Eat: Bread ration      |     1 |       ||     1
